 Dungeon Crawl Stone Soup version 0.26-a0-64-g059e62f (webtiles) character file.

Game seed: 12362567696634455702

37167 thirtiethelement the Cleaver (level 13, -7/101 HPs)
             Began as a Demonspawn Abyssal Knight on June 10, 2020.
             Was the Champion of Lugonu.
             Mangled by an orc warrior
             ... wielding a +0 battleaxe
              (24 damage)
             ... on level 1 of the Orcish Mines.
             The game lasted 00:41:43 (17256 turns).

thirtiethelement the Cleaver (DsAK)                Turns: 17256, Time: 00:41:43

Health: -7/101     AC: 18    Str: 16    XL:     13   Next: 56%
Magic:  0/16       EV: 16    Int: 17    God:    Lugonu [******]
Gold:   731        SH:  4    Dex: 13    Spells: 12/12 levels left

rFire    x . .     SeeInvis +   g - +4 war axe
rCold    + + .     Gourm    .   h - +0 buckler
rNeg     . . .     Faith    .   A - +2 scale mail {rPois}
rPois    +         Spirit   +   J - +3 crown of Dyrovepreva {rElec Int+2 SInv}
rElec    +         Reflect  .   m - +2 cloak
rCorr    .         Harm     .   (gloves unavailable)
MR       .....                  (no boots)
Stlth    +.........             s - amulet of the acrobat
HPRegen  0.26/turn              N - ring of ice
MPRegen  0.30/turn              R - +4 ring of evasion

@: mighty
A: claws 3, thin metallic scales 1, see invisible, cold resistance 1, demonic
guardian 1, wild magic 1, magic shield, magic regeneration
a: Depart the Abyss, Bend Space, Banish, Corrupt, Enter the Abyss, Brand Weapon
With Distortion, Renounce Religion


You were on level 1 of the Orcish Mines.
You worshipped Lugonu.
Lugonu was exalted by your worship.
You were not hungry.

You visited 2 branches of the dungeon, and saw 13 of its levels.
You visited the Abyss 1 time.
You also visited: Bailey.

You collected 1068 gold pieces.
You spent 337 gold pieces at shops.

Inventory:

Hand Weapons
 a - a +1 falchion
 d - a +3 scimitar
 g - a +4 war axe (weapon)
 x - a +5 eveningstar of protection
 K - a +2 triple sword of electrocution
 M - a +2 war axe of freezing
Missiles
 l - 12 boomerangs (quivered)
Armour
 b - a +0 leather armour
 h - a +0 buckler (worn)
 m - a +2 cloak (worn)
 y - a +1 chain mail of fire resistance
 A - a +2 scale mail of poison resistance (worn)
 J - the +3 crown of Dyrovepreva (worn) {rElec Int+2 SInv}
   (You found it on level 9 of the Dungeon)

   It affects your intelligence (+2).
   It insulates you from electricity.
   It lets you see invisible.
Jewellery
 s - an amulet of the acrobat (around neck)
 N - a ring of ice (left claw)
 R - a +4 ring of evasion (right claw)
Wands
 k - a wand of polymorph (3)
 n - a wand of digging (8)
 E - a wand of flame (18)
 F - a wand of clouds (1)
 I - a wand of enslavement (8)
Scrolls
 e - 8 scrolls of teleportation
 r - 7 scrolls of remove curse
 t - a scroll of amnesia
 w - 7 scrolls of identify
 B - 3 scrolls of fog
 H - 2 scrolls of blinking
 O - a scroll of vulnerability
Potions
 i - 3 potions of brilliance
 j - 6 potions of curing
 o - 2 potions of ambrosia
 p - a potion of cancellation
 q - 4 potions of haste
 u - 3 potions of mutation
 z - a potion of stabbing
 C - a potion of berserk rage
 G - 2 potions of lignification
Miscellaneous
 D - a phial of floods
 P - a box of beasts
Comestibles
 c - 15 rations


   Skills:
 + Level 9.4 Fighting
 + Level 10.0 Long Blades
 + Level 10.8 Axes
 + Level 3.7 Throwing
 + Level 8.1 Armour
 + Level 6.5 Dodging
 + Level 4.8 Stealth
 + Level 1.2 Shields
 + Level 2.1 Unarmed Combat
 + Level 4.5 Invocations
 + Level 2.7 Evocations


You had 12 spell levels left.
You didn't know any spells.
Your spell library contained the following spells:

 Spells                   Type           Power        Failure   Level  Hunger
 Animate Skeleton         Necr           N/A          78%         1    ##.....
 Apportation              Tloc           #.....       78%         1    ##.....
 Corona                   Hex            #......      78%         1    ##.....
 Magic Dart               Conj           #...         78%         1    ##.....
 Summon Small Mammal      Summ           #...         78%         1    ##.....
 Blink                    Tloc           N/A          88%         2    ###....
 Call Imp                 Summ           #.......     88%         2    ###....
 Slow                     Hex            #.......     88%         2    ###....
 Conjure Flame            Conj/Fire      #.......     98%         3    ####...
 Ignite Poison            Fire/Tmut/Pois #.......     98%         3    ####...
 Mephitic Cloud           Conj/Pois/Air  #.......     98%         3    ####...
 Bolt of Magma            Conj/Fire/Erth #.........   100%        5    ######.
 Fireball                 Conj/Fire      #.........   100%        5    ######.
 Iskenderun's Battlesphe  Conj/Chrm      #.......     100%        5    ######.
 Iron Shot                Conj/Erth      #.........   100%        6    #######
 Starburst                Conj/Fire      #.........   100%        6    #######
 Orb of Destruction       Conj           #.........   100%        7    #######
 Ring of Flames           Chrm/Fire      #.........   100%        7    #######
 Spellforged Servitor     Conj/Summ      #.........   100%        7    #######
 Ignition                 Fire           #.........   100%        8    #######


Dungeon Overview and Level Annotations

Branches:
Dungeon (12/15)            Temple (0/1) D:6            Lair (0/6) D:10
    Orc (1/2) D:12         Bailey (visited)

Altars:
Cheibriados
Dithmenos
Elyvilon
Gozag
Okawaru
Qazlal
Ru
Uskayaw
Wu Jian
Xom
Yredelemnul
Zin

Shops:
D:6 !=*(   D:11 [(

Annotations:
D:10 2 runed translucent doors


Innate Abilities, Weirdness & Mutations

You have claws for hands.
You are partially covered in thin metallic scales. (AC +2)
A weak demonic guardian rushes to your aid.
When hurt, damage is shared between your health and your magic reserves.
You regenerate magic rapidly.
You have supernaturally acute eyesight. (SInv)
Your flesh is cold resistant. (rC+)
Your spells are a little harder to cast, but a little more powerful.


Message History

Your quasit disappears in a puff of smoke!
Your quasit bites the orc warlord but does no damage.
Your quasit claws the orc warlord but does no damage. x2
The orc warrior barely misses you. The orc warrior misses you.
Your quasit bites the orc warlord but does no damage.
Your quasit barely misses the orc warlord.
Your quasit closely misses the orc warlord.
The orc warlord hits you with a +0 long sword of electrocution!
* * * LOW HITPOINT WARNING * * *
You slash the orc warlord!
The orc warlord is almost dead.
You slash the orc warrior!
You hit the orc warrior but do no damage.
The orc warrior hits you with a +0 short sword.
* * * LOW HITPOINT WARNING * * *
Your quasit bites the orc warlord but does no damage.
Your quasit closely misses the orc warlord.
Your quasit claws the orc warlord but does no damage.
The orc warrior hits you with a +0 battleaxe!!
You die...

#...# #...# ## )..# .# )).
.# #.#
.################)#######
.).......................
.).............5oo.......
....#..........ยง@o......#
...............)5........
#........................
####.....................
##......................
#.......................
#.......................
##.....................
##.#.........#........


You could see an orc warlord, 2 orc warriors, a friendly quasit (summoned) and a
friendly ufetubus (summoned).

Vanquished Creatures
  2 orc warlords
  Fannar (D:10)
  An anaconda (D:11)
  Urug (Orc:1)
  2 orc knights (Bailey)
  3 deep elf magi
  An ugly thing (D:11)
  Maurice (D:9)
  A komodo dragon (D:10)
  3 trolls
  3 slime creatures (D:12)
  2 hippogriffs (D:10)
  Sigmund (D:4)
  A spriggan (D:8)
  6 yaks
  3 wraiths (D:7)
  Grum (D:11)
  2 steam dragons (D:9)
  2 hungry ghosts (D:8)
  2 wargs (Orc:1)
  Menkaure (D:4)
  A soldier ant (D:10)
  A water moccasin (D:5)
  A swamp drake (D:9)
  25 orc warriors
  An eye of draining (Abyss:1)
  2 sky beasts
  2 black bears (D:7)
  A necrophage (D:12)
  6 ogres
  3 wolves (D:11)
  2 centaurs (D:8)
  3 bullfrogs
  A gnoll sergeant (D:6)
  An elf skeleton (D:7)
  A scorpion (D:8)
  6 killer bees (D:11)
  2 howler monkeys (D:12)
  9 crimson imps
  2 bullfrog zombies
  3 centaur zombies
  A quasit (D:6)
  5 human zombies (D:7)
  2 jellies
  9 orc priests
  3 hounds
  An iron imp (D:9)
  14 orc wizards
  2 bullfrog skeletons
  6 iguanas
  10 worker ants
  Natasha (twice) (D:3)
  An ogre zombie (D:7)
  A hound zombie (D:7)
  A hound skeleton (D:10)
  2 mummies (D:7)
  2 worker ant zombies
  Robin (D:4)
  8 adders
  18 gnolls
  4 shadow imps
  A white imp (D:9)
  2 oozes (D:2)
  3 adder skeletons
  A worm (D:4)
  3 dart slugs
  6 leopard geckos
  77 orcs
  7 giant cockroaches
  18 hobgoblins
  6 jackals
  5 kobolds
  4 quokkas
  2 ball pythons
  A ball python skeleton (D:6)
  2 bats
  2 frilled lizards
  26 goblins
  A jackal skeleton (D:4)
  A leopard gecko skeleton (D:5)
  A quokka skeleton (D:8)
  4 rats
379 creatures vanquished.

Vanquished Creatures (collateral kills)
  A hydra (D:11)
  An ugly thing (D:12)
  An orc knight (Orc:1)
  A water moccasin (D:5)
  4 orc warriors
  2 ogres
  A centaur (D:6)
  A gnoll sergeant (Orc:1)
  A bullfrog (D:6)
  A scorpion (D:5)
  2 orc priests
  A bullfrog skeleton (D:4)
  An orc wizard (D:7)
  Jessica (D:2)
  Natasha (D:3)
  A worker ant (D:7)
  2 gnolls
  9 orcs
  A hobgoblin (Bailey)
  2 quokkas (D:4)
35 creatures vanquished.

Vanquished Creatures (others)
  A sky beast (D:9)
  An orc wizard (Orc:1)
  An orc (D:9)
  2 plants (D:10)
  A starspawn tentacle (Abyss:2)
6 creatures vanquished.

Grand Total: 420 creatures vanquished

Notes
Turn   | Place    | Note
-------+----------+-------------------------------------------
     0 | Abyss:1  | thirtiethelement the Demonspawn Abyssal Knight began the
                  | quest for the Orb.
     0 | Abyss:1  | Reached XP level 1. HP: 18/18 MP: 2/2
    50 | Abyss:1  | Noticed an eye of draining
    68 | Abyss:1  | Killed an eye of draining
    68 | Abyss:1  | Gained mutation: When hurt, damage is shared between your
                  | health and your magic reserves. [demonic ancestry]
    68 | Abyss:1  | Reached XP level 2. HP: 26/26 MP: 0/4
    68 | Abyss:1  | Gained mutation: You have sharp fingernails. [demonic
                  | ancestry]
    68 | Abyss:1  | Reached XP level 3. HP: 31/31 MP: 0/5
    68 | Abyss:1  | Gained mutation: A weak demonic guardian rushes to your
                  | aid. [demonic ancestry]
    68 | Abyss:1  | Reached XP level 4. HP: 38/38 MP: 0/6
   143 | Abyss:2  | Noticed a raiju
   186 | Abyss:2  | Noticed a tentacled starspawn
   188 | Abyss:2  | Noticed a starcursed mass
   199 | Abyss:2  | Noticed a raiju
   203 | Abyss:2  | Noticed a flying skull
   205 | D:1      | Escaped the Abyss
   970 | D:2      | Reached * piety under Lugonu
  1096 | D:2      | Noticed Jessica
  1101 | D:2      | Killed Jessica
  1126 | D:2      | Reached XP level 5. HP: 33/43 MP: 5/7
  1606 | D:3      | Reached skill level 1 in Dodging
  1656 | D:3      | Noticed Natasha
  1663 | D:3      | Killed Natasha
  1677 | D:3      | Noticed Natasha
  1689 | D:3      | Killed Natasha
  2025 | D:3      | Gained mutation: Your spells are a little harder to cast,
                  | but a little more powerful. [potion of mutation]
  2025 | D:3      | Gained mutation: You have large cloven feet. [potion of
                  | mutation]
  2025 | D:3      | Gained mutation: You are clumsy. (Dex -2) [potion of
                  | mutation]
  2025 | D:3      | Gained mutation: Your mind is acute. (Int +2) [potion of
                  | mutation]
  2026 | D:3      | Lost mutation: Your mind is acute. (Int +2) [potion of
                  | mutation]
  2026 | D:3      | Lost mutation: You have large cloven feet. [potion of
                  | mutation]
  2026 | D:3      | Lost mutation: You are clumsy. (Dex -2) [potion of
                  | mutation]
  2026 | D:3      | Gained mutation: You have supernaturally acute eyesight.
                  | (SInv) [potion of mutation]
  2026 | D:3      | Gained mutation: Your flesh is cold resistant. (rC+)
                  | [potion of mutation]
  2044 | D:3      | Noticed Natasha
  2051 | D:3      | Killed Natasha
  2082 | D:3      | Found a shadowy altar of Dithmenos.
  2862 | D:4      | Gained mutation: You have very sharp fingernails. [demonic
                  | ancestry]
  2862 | D:4      | Reached XP level 6. HP: 46/50 MP: 8/8
  3184 | D:4      | Noticed Robin
  3198 | D:4      | Reached ** piety under Lugonu
  3213 | D:4      | Killed Robin
  3214 | D:4      | Found an iron altar of Okawaru.
  3495 | D:4      | Noticed Menkaure
  3501 | D:4      | Killed Menkaure
  3501 | D:4      | Reached skill level 5 in Fighting
  3583 | D:4      | Noticed Sigmund
  3588 | D:4      | Found a sacrificial altar of Ru.
  3598 | D:4      | Killed Sigmund
  3598 | D:4      | Gained mutation: You regenerate magic rapidly. [demonic
                  | ancestry]
  3598 | D:4      | Reached XP level 7. HP: 47/56 MP: 6/9
  3849 | D:4      | Reached skill level 1 in Stealth
  4233 | D:5      | Entered Level 5 of the Dungeon
  4334 | D:5      | Found a shimmering altar of Xom.
  4802 | D:5      | Found an ornate altar of the Wu Jian Council.
  4815 | D:5      | Reached skill level 5 in Long Blades
  5003 | D:5      | Gained mutation: You are partially covered in thin metallic
                  | scales. (AC +2) [demonic ancestry]
  5003 | D:5      | Reached XP level 8. HP: 41/63 MP: 5/10
  5136 | D:5      | Found a sacrificial altar of Ru.
  5264 | D:5      | Found a shimmering altar of Xom.
  5265 | D:5      | Found a shimmering altar of Xom.
  5267 | D:5      | Found a shimmering altar of Xom.
  5282 | D:5      | Found a shimmering altar of Xom.
  6101 | D:6      | Found a staircase to the Ecumenical Temple.
  6187 | D:6      | Found Riunisaq's Distillery.
  6190 | D:6      | Bought a potion of curing for 33 gold pieces
  6190 | D:6      | Bought a potion of heal wounds for 55 gold pieces
  6190 | D:6      | Bought a potion of curing for 33 gold pieces
  6246 | D:6      | Found a stormy altar of Qazlal.
  6357 | D:6      | Found Jeqodes's General Store.
  6363 | D:6      | Reached skill level 1 in Throwing
  6395 | D:6      | Bought a +2 scale mail of poison resistance for 216 gold
                  | pieces
  6407 | D:6      | Found Daosh's Weapon Shoppe.
  6413 | D:6      | Found Elulyun's Jewellery Shop.
  6487 | D:6      | Found a hide-covered altar of Uskayaw.
  6495 | D:6      | Reached *** piety under Lugonu
  6727 | D:6      | Found Awkuz's Armour Boutique.
  7494 | D:7      | Reached XP level 9. HP: 55/69 MP: 11/11
  7616 | D:7      | Found a basalt altar of Yredelemnul.
  7877 | D:7      | Reached **** piety under Lugonu
  8751 | D:8      | Reached skill level 5 in Armour
  8965 | D:8      | Reached skill level 5 in Dodging
  9507 | D:8      | Found a glowing silver altar of Zin.
  9647 | D:9      | Found a flagged portal.
  9662 | Bailey   | Entered a bailey
  9697 | Bailey   | Reached ***** piety under Lugonu
  9787 | Bailey   | Reached XP level 10. HP: 76/77 MP: 10/12
  9858 | Bailey   | Noticed an orc knight
  9919 | Bailey   | Killed an orc knight
  9980 | Bailey   | Noticed an orc warlord
 10021 | Bailey   | Killed an orc warlord
 10290 | Bailey   | Identified the +1 mace "Deuwnino" {vorpal, Int+4}
 10314 | Bailey   | Identified the cursed +0 scythe "Reoschoa" {flame, rF+
                  | Int+3}
 10314 | Bailey   | Noticed an orc knight
 10353 | Bailey   | Killed an orc knight
 10632 | Bailey   | Reached skill level 10 in Long Blades
 11016 | Bailey   | Reached XP level 11. HP: 85/85 MP: 13/13
 11018 | Bailey   | Gained mutation: You have claws for hands. [demonic
                  | ancestry]
 11018 | Bailey   | Reached XP level 12. HP: 93/93 MP: 13/15
 11698 | D:9      | Found a white marble altar of Elyvilon.
 11710 | D:9      | Found a snail-covered altar of Cheibriados.
 11751 | D:9      | Found an opulent altar of Gozag.
 11825 | D:9      | Noticed Maurice
 11848 | D:9      | Killed Maurice
 11964 | D:9      | Found the +3 crown of Dyrovepreva {rElec Int+2 SInv}
 12336 | D:10     | Entered Level 10 of the Dungeon
 12556 | D:10     | Reached XP level 13. HP: 90/99 MP: 14/16
 12610 | D:10     | Found a large runed translucent door.
 12611 | D:10     | Found a large runed translucent door.
 12612 | D:10     | Found a large runed translucent door.
 12612 | D:10     | Found a large runed translucent door.
 13102 | D:10     | Found a staircase to the Lair.
 13421 | D:10     | Noticed Fannar
 13459 | D:10     | Killed Fannar
 13777 | D:11     | Noticed Grum
 13787 | D:11     | Killed Grum
 13932 | D:11     | Found Bipt's Weapon Emporium.
 14002 | D:11     | Reached skill level 10 in Axes
 14119 | D:11     | Reached ****** piety under Lugonu
 14549 | D:11     | Found Qiskuts's Antique Armour Shoppe.
 15477 | D:12     | Reached skill level 1 in Shields
 15803 | D:12     | Found a staircase to the Orcish Mines.
 16213 | Orc:1    | Entered Level 1 of the Orcish Mines
 16216 | Orc:1    | Noticed Urug
 16251 | Orc:1    | Killed Urug
 16781 | Orc:1    | Noticed an orc warlord
 16797 | Orc:1    | Killed an orc warlord
 17216 | Orc:1    | Noticed an orc warlord
 17256 | Orc:1    | Mangled by an orc warrior

Illustrated notes

Levels and vault maps discovered:
D:1:      dpeg_arrival_rooms_c, layout_basic, serial_park_tiny_1
D:2:      layout_basic, first_ration, uniq_jessica
D:3:      layout_loops_ring, grunt_dithmenos_smoke, uniq_natasha
D:4:      layout_gridville, okawaru_metal_pillars_3, nicolae_ru_awakened_eye,
          uniq_sigmund, uniq_robin, uniq_menkaure
D:5:      layout_layer_cave, old_standard_altar, kennysheep_little_box,
          grunt_ministairs_9, xom_redecorated
D:6:      layout_basic, eat_drink_and_be_merry_uskayaw,
          minmay_temple_entry_sparse_star, serial_shops, kennysheep_mini_moat,
          shop, nicolae_shop_temple_entry_statues_fountains, shop,
          nicolae_shop_trees, nicolae_qazlal_general_emergency
D:7:      layout_cave_pools, lemuel_mausoleum_altar_yredelemnul
D:8:      layout_loops_corners, zin_scriptorium, the_bakery,
          minmay_misc_feat_rows
D:9:      layout_loops_corners, nicolae_gozag_cash_rules_everything_around_me,
          minitemple, enter_bailey_3, hangedman_minor_magic, uniq_maurice
D:10:     layout_long_grid, david_lair_shrubbed, minmay_hollow_rounded_squares,
          uniq_fannar
D:11:     layout_gridville, serial_shops, shop, nicolae_shop_behind_doors,
          uniq_grum
D:12:     layout_cave_pools, orc_0_dummy, lemuel_flamethrower_2
Orc:1:    orc_temple, layout_caves, sword_in_stone

Skill      XL: |  1  2  3  4  5  6  7  8  9 10 11 12 13 |
---------------+----------------------------------------+-----
Fighting       | 4 5 6 7 8 9 |  9.4
Long Blades    | 2 3 4 5 7 8 10 | 10.0
Armour         | 2 3 4 5 6 7 8 |  8.1
Dodging        | 1 2 3 4 5 6 |  6.5
Stealth        | 1 2 3 4 |  4.8
Throwing       | 1 2 3 |  3.7
Axes           | 7 8 9 10 | 10.8
Unarmed Combat | 2 |  2.1
Invocations    | 4 |  4.5
Evocations     | 2 |  2.7
Shields        | 1 |  1.2

Action                   |  1- 3 |  4- 6 |  7- 9 | 10-12 | 13-15 || total
-------------------------+-------+-------+-------+-------+-------++-------
Melee: Falchion          |    15 |   219 |   257 |       |       ||   491
       Scimitar          |       |       |   350 |   183 |       ||   533
       War axe           |       |       |       |   162 |   366 ||   528
Throw: Boomerang         |       |     4 |    10 |    25 |     8 ||    47
Invok: Depart the Abyss  |       |     1 |       |       |       ||     1
Evoke: Wand              |       |       |     1 |     1 |    18 ||    20
  Use: Scroll            |       |    18 |     8 |     7 |     5 ||    38
       Potion            |       |     6 |       |    12 |     2 ||    20
 Stab: Distracted        |       |     1 |     2 |       |     3 ||     6
       Sleeping          |       |       |     1 |    12 |       ||    13
  Eat: Chunk             |       |     7 |    22 |     7 |     5 ||    41
       Ration            |       |       |     3 |       |     3 ||     6
Armor: Leather armour    |       |    87 |    88 |       |       ||   175
       Scale mail        |       |       |   202 |   127 |   154 ||   483
Dodge: Dodged            |       |   182 |   374 |   204 |   268 ||  1028
Block: Buckler           |       |       |       |    16 |    51 ||    67
       Rpst.: Falchion   |       |    57 |    37 |       |       ||    94
       Scimitar          |       |       |    69 |    37 |       ||   106

Table legend:
 A = Non-vault XP
 B = Vault XP
 C = Vault XP percentage of total XP
 D = Non-vault monster count
 E = Vault monster count
 F = Vault count percentage of total count
                 A         B        C        D         E       F
            +---------+---------+-------+---------+---------+-------
      Total |   15788 |   12692 |  44.6 |     263 |     153 |  36.8
            +---------+---------+-------+---------+---------+-------
        D:1 |      13 |       0 |   0.0 |       8 |       0 |   0.0
        D:2 |      47 |      33 |  41.2 |      15 |       1 |   6.2
        D:3 |      71 |      23 |  24.5 |      11 |       1 |   8.3
        D:4 |     379 |     364 |  49.0 |      22 |      14 |  38.9
        D:5 |     500 |       9 |   1.8 |      10 |       3 |  23.1
        D:6 |     652 |       0 |   0.0 |      30 |       0 |   0.0
        D:7 |     585 |     929 |  61.4 |      25 |      12 |  32.4
        D:8 |    1357 |     211 |  13.5 |      30 |       1 |   3.2
        D:9 |    1570 |    1606 |  50.6 |      17 |      21 |  55.3
       D:10 |     951 |    2831 |  74.9 |      21 |      15 |  41.7
       D:11 |    4465 |     541 |  10.8 |      34 |       4 |  10.5
       D:12 |    1587 |       0 |   0.0 |       8 |       0 |   0.0
      Orc:1 |    3484 |    1767 |  33.7 |      31 |      12 |  27.9
    Abyss:1 |     127 |       0 |   0.0 |       1 |       0 |   0.0
     Bailey |       0 |    4378 | 100.0 |       0 |      69 | 100.0
            +---------+---------+-------+---------+---------+-------
